 Dungeon Crawl Stone Soup version 0.30-a0-782-ge64f9170bb (console) character file.

Game seed: 15157479150138450533

36 utis the Charlatan (level 3, 0/23 HPs)
             Began as a Tengu Wanderer on Mar 11, 2023.
             Succumbed to an adder's poison
             ... on level 2 of the Dungeon.
             The game lasted 00:04:46 (1186 turns).

utis the Charlatan (Tengu Wanderer)                 Turns: 1186, Time: 00:04:46

Health: 0/23       AC:  6    Str: 11    XL:     3   Next: 37%
Magic:  4/4        EV:  8    Int: 13    God:
Gold:   57         SH:  0    Dex: 15    Spells: 1/2 levels left

rFire   . . .      SeeInvis .    b - +3 mace
rCold   . . .      Faith    .    (no shield)
rNeg    . . .      Spirit   .    p - +0 scale mail
rPois   .          Reflect  .    (helmet restricted)
rElec   .          Harm     .    (no cloak)
rCorr   .          Rampage  .    (no gloves)
Will    .....                    (boots unavailable) Stlth
                                 (no amulet)
HPRegen 0.23/turn                (no ring)
MPRegen 0.09/turn                (no ring)

@: lethally poisoned (0 -> -10)
A: beak, talons 3
a: no special abilities


You were on level 2 of the Dungeon.
You visited 1 branch of the dungeon, and saw 2 of its levels.

You collected 57 gold pieces.

Inventory:

Hand Weapons
 a - a +0 sling
 b - a +3 mace (weapon)
 i - a +0 dagger
 k - a +0 short sword
Missiles
 c - 12 poisoned darts (quivered)
 g - a throwing net {=f}
 h - 17 stones
 q - 4 boomerangs
Armour
 f - a +0 robe
 p - a +0 scale mail (worn)
Wands
 d - a wand of flame (16)
Scrolls
 e - a scroll of fear
 j - a scroll of identify {unknown}
 l - a scroll of magic mapping {unknown}
 m - a scroll of teleportation {unknown}
 n - a scroll of torment {unknown}
Potions
 o - a potion of degeneration {unknown}


   Skills:
 * Level 3.0 Fighting
 - Level 1.1 Ranged Weapons
 - Level 3.0 Throwing
 + Level 1.3 Dodging
 + Level 1.3 Stealth
 - Level 4.0 Evocations


You had one spell level left.
You knew the following spells:

 Your Spells              Type           Power      Damage    Failure   Level
Y - Kiss of Death         Conj/Necr      0%         2d5       89%         1

Your spell library contained the following spells:

 Spells                   Type           Power      Damage    Failure   Level
 Confusing Touch          Hex            0%         N/A       99%         3
 Dispel Undead            Necr           0%         3d6       100%        4


Dungeon Overview and Level Annotations

Branches:
Dungeon (2/15)

Altars:


Innate Abilities, Weirdness & Mutations

You have a beak for a mouth.
You have claws for feet.


Message History

You are poisoned.
The adder poisons you!
You closely miss the adder. Your kick misses the adder.
The adder is moderately wounded.
You feel sick. The adder bites you.
You are more poisoned.
The adder poisons you! The adder closely misses you.
You barely miss the adder. Your kick misses the adder.
The adder is moderately wounded.
You feel sick. The adder bites you but does no damage.
You miss the adder. Your kick misses the adder. You peck the adder.
The adder is severely wounded.
You feel sick.
The adder bites you but does no damage. x2
You barely miss the adder. You peck the adder, but do no damage.
The adder is severely wounded.
You feel sick. The adder barely misses you. x2
You closely miss the adder. You claw the adder, but do no damage.
Your peck misses the adder.
The adder is severely wounded.
You feel sick. The adder bites you.
* * * LOW HITPOINT WARNING * * *
The adder bites you.
* * * LOW HITPOINT WARNING * * *
You are more poisoned.
The adder poisons you!
You miss the adder. Your peck misses the adder.
The adder is severely wounded.
You feel sick. The adder closely misses you. x2
You closely miss the adder. You claw the adder.
The adder is almost dead.
You feel sick. The adder barely misses you.
You miss the adder.
The adder is almost dead.
You feel sick. The adder closely misses you. The adder bites you.
* * * LOW HITPOINT WARNING * * *
You are more poisoned.
The adder poisons you!
You miss the adder.
The adder is almost dead.
You die...

░..░.▓.▓░░ ░.░
░░░..░. ▓.░░░.░
░..░..▓ ▓..░..░ .
░▓░..░.▓▓▓░.░.░░
░..▓!▓.....▓▓░...░
░...).8.8†.....░░
░..▓.▓.....▓▓░..░
. ░▓░..░.▓▓▓░..░
░..░..▓Q▓...░
░░░..░S▓▓.....░
░..░S▓.▓......░
░....░▓▓........░
░░|..░ ░......░░░
░.░...░░░░░░░░░
░░....░ .░..➘.
░░░..➘░


You could see an adder and a ball python.

Vanquished Creatures
  2 dart slugs (D:1)
  2 ball pythons (D:1)
  4 endoplasms (D:1)
  2 giant cockroaches (D:1)
  2 goblins
  2 jackals (D:1)
  2 quokkas (D:2)
  3 bats (D:1)
  2 frilled lizards (D:1)
  5 kobolds (D:1)
  4 rats
30 creatures vanquished.

Notes
Turn   | Place    | Note
-------+----------+-------------------------------------------
     0 | D:1      | utis the Tengu Wanderer began the quest for the Orb.
     0 | D:1      | utis set off with the following items: a +0 sling, a wand
                  | of flame (16), 14 poisoned darts, a +0 dagger, a scroll of
                  | fear, a +0 robe.
     0 | D:1      | Reached XP level 1. HP: 12/12 MP: 2/2
   338 | D:1      | Reached XP level 2. HP: 18/18 MP: 3/3
   471 | D:1      | Reached skill level 1 in Dodging
   471 | D:1      | Reached skill level 1 in Stealth
   643 | D:1      | Reached XP level 3. HP: 22/22 MP: 4/4
  1117 | D:2      | Learned a level 1 spell: Kiss of Death
  1186 | D:2      | Succumbed to an adder's poison

Illustrated notes

Levels and vault maps discovered:
D:1:      roderic_chinese_lattice_arrival, layout_loops_ring
D:2:      wad_crossroads, layout_rooms, interstate_on_off

Skill      XL: |  1  2  3 |
---------------+----------+-----
Dodging        | 1 |  1.3
Stealth        | 1 |  1.3
Fighting       | 3 |  3.0
Ranged Weapons | |  1.1
Throwing       | |  3.0
Evocations     | |  4.0

Action                     || total
---------------------------++-------
  Melee: Dagger            ||    15
         Kick              ||     9
         Mace              ||    30
         Peck              ||     4
   Fire: Sling             ||    60
  Throw: Dart              ||     2
 Armour: Robe              ||    10
         Scale mail        ||     5
  Dodge: Dodged            ||    40

Table legend: (Time is in decaauts)
 A = Elapsed time spent in this place.
 B = Non-inter-level travel time spent in this place.
 C = Inter-level travel time spent in this place.
 D = Time resting spent in this place.
 E = Time spent auto-exploring this place.
 F = Levels seen in this place.
 G = Mean time per level.
                   A        B        C        D        E       F      G
               +--------+--------+--------+--------+--------+-----+--------+
         Total |   1199 |   1103 |     96 |    140 |    675 |   2 |  599.5 |
       Dungeon |   1199 |   1103 |     96 |    140 |    675 |   2 |  599.5 |
               +--------+--------+--------+--------+--------+-----+--------+

Top non-repeatable levels by time:
     D:1: 1088 daAuts
     D:2: 111 daAuts
